 Dungeon Crawl Stone Soup version 0.30-a0-218-gedb9141078 (webtiles) character file.

Game seed: 4185509038608540949

607 IdlyInterested the Conjurer (level 7, -1/52 HPs)
             Began as a Demonspawn Wanderer on Oct 5, 2022.
             Slain by a water moccasin (4 damage)
             ... on level 5 of the Dungeon.
             The game lasted 00:21:53 (5588 turns).

IdlyInterested the Conjurer (Demonspawn Wanderer)   Turns: 5588, Time: 00:21:55

Health: -1/52      AC:  7    Str: 12    XL:     7   Next: 19%
Magic:  10/10      EV: 11    Int: 13    God:
Gold:   256        SH:  0    Dex: 15    Spells: 8/10 levels left

rFire   . . .      SeeInvis .    n - +4 short sword
rCold   . . .      Faith    .    (no shield)
rNeg    . . .      Spirit   .    d - +0 leather armour
rPois   .          Reflect  .    (helmet restricted)
rElec   .          Harm     .    (no cloak)
rCorr   .          Rampage  .    r - +0 pair of gloves
Will    .....                    g - +0 pair of boots
Stlth   ++........               (no amulet)
HPRegen 0.28/turn                (no ring)
MPRegen 0.12/turn                (no ring)

@: lethally poisoned (-1 -> -17)
A: horns 2, icy blue scales 1, powered by pain 1
a: no special abilities


You were on level 5 of the Dungeon.
You visited 1 branch of the dungeon, and saw 5 of its levels.

You collected 256 gold pieces.

Inventory:

Hand Weapons
 a - a +0 dagger
 j - a +0 mace
 n - a +4 short sword (weapon)
 t - a +0 long sword
 C - a +0 war axe
Missiles
 z - 5 poisoned darts (quivered)
Armour
 d - a +0 leather armour (worn)
 g - a +0 pair of boots (worn)
 q - a +0 chain mail
 r - a +0 pair of gloves (worn)
 v - a +0 scale mail
 w - a +0 ring mail
 F - a +0 robe
Wands
 e - a wand of polymorph (24)
 A - a wand of acid (8)
Scrolls
 b - 3 scrolls of teleportation
 i - a scroll of enchant weapon
 l - 2 scrolls of blinking
 m - a scroll of butterflies
 y - a scroll of fear {unknown}
Potions
 c - 2 potions of attraction
 f - 3 potions of brilliance
 h - a potion of curing
 k - a potion of resistance
 o - a potion of degeneration {unknown}
 s - a potion of invisibility
 x - a potion of flight
 B - a potion of ambrosia
 D - a potion of lignification
 E - a potion of might {unknown}


   Skills:
 * Level 3.1 Fighting
 - Level 1.0 Throwing
 - Level 1.0 Armour
 + Level 1.7 Dodging
 - Level 2.0 Stealth
 - Level 2.0 Spellcasting
 * Level 6.2 Conjurations
 - Level 4.0 Evocations


You had 8 spell levels left.
You knew the following spells:

 Your Spells              Type           Power      Damage    Failure   Level
a - Momentum Strike       Conj/Tloc      18%        3d8       14%         2

Your spell library contained the following spells:

 Spells                   Type           Power      Damage    Failure   Level
 Static Discharge         Conj/Air       18%        2-3/arc   14%         2
 Summon Ice Beast         Ice/Summ       1%         N/A       97%         4
 Summon Mana Viper        Hex/Summ       1%         N/A       100%        5
 Monstrous Menagerie      Summ           0%         N/A       100%        7
 Chain Lightning          Conj/Air       4%         3d6       100%        9
 Fire Storm               Conj/Fire      4%         8d1       100%        9
 Shatter                  Erth           0%         3d5*      100%        9


Dungeon Overview and Level Annotations

Branches:
Dungeon (5/15)
 Temple: D:4-7

Altars:
Gozag
Ru


Innate Abilities, Weirdness & Mutations

You have a pair of horns on your head.
You are partially covered in icy blue scales. (AC +2)
You sometimes gain a little power by taking damage.


Message History

The water moccasin completely misses you.
The centaur hits you. The centaur barely misses you.
You hit the centaur.
You kill the centaur!
You feel sick. The water moccasin bites you.
You are more poisoned.
The water moccasin poisons you!
Your Fighting skill increases to level 3!
Unknown command.
You puncture the water moccasin! You headbutt the water moccasin.
The water moccasin is severely wounded.
You feel very sick. The water moccasin bites you.
* * * LOW HITPOINT WARNING * * *
The water moccasin barely misses you.
You closely miss the water moccasin. You headbutt the water moccasin.
The water moccasin is severely wounded.
* * * LOW HITPOINT WARNING * * *
You feel very sick. The water moccasin bites you.
* * * LOW HITPOINT WARNING * * *
You hit the water moccasin.
The water moccasin is almost dead.
* * * LOW HITPOINT WARNING * * *
You feel very sick. The water moccasin closely misses you.
The water moccasin misses you.
You barely miss the water moccasin.
The water moccasin is almost dead.
* * * LOW HITPOINT WARNING * * *
You feel sick.
The water moccasin bites you but does no damage.
You feel better. The water moccasin bites you!
* * * LOW HITPOINT WARNING * * *
You closely miss the water moccasin.
The water moccasin is almost dead.
The water moccasin bites you!
* * * LOW HITPOINT WARNING * * *
You are lethally poisoned!
The water moccasin poisons you! The water moccasin bites you.
You die...

# .# #.##
###...####
#.@S......
#<#)..####
#<##.##
#.# .# #.#
# #.# #.#
#.# #.#


You could see a water moccasin.

Vanquished Creatures
  Sigmund (D:4)
  An ogre (D:4)
  A centaur (D:5)
  A hound (D:4)
  2 iguanas (D:4)
  An orc wizard (D:4)
  8 gnolls (D:4)
  3 adders
  A worm (D:1)
  4 dart slugs
  8 orcs
  4 ball pythons
  3 bats
  5 endoplasms
  4 giant cockroaches
  33 hobgoblins
  A quokka (D:3)
  2 frilled lizards
  36 goblins
  10 kobolds
  7 rats
136 creatures vanquished.

Vanquished Creatures (others)
  2 adders
  2 orcs (D:4)
  2 hobgoblins (D:3)
  A ball python (D:3)
7 creatures vanquished.

Grand Total: 143 creatures vanquished

Notes
Turn   | Place    | Note
-------+----------+-------------------------------------------
     0 | D:1      | IdlyInterested the Demonspawn Wanderer began the quest for
                  | the Orb.
     0 | D:1      | IdlyInterested set off with the following items: a +0
                  | dagger, a scroll of teleportation, a potion of attraction,
                  | a +0 leather armour, a wand of polymorph (19); and the
                  | following spells available to memorise: Momentum Strike,
                  | Static Discharge.
     0 | D:1      | Reached XP level 1. HP: 13/13 MP: 2/2
   222 | D:1      | Reached skill level 1 in Fighting
   411 | D:1      | Gained mutation: You have a pair of small horns on your
                  | head. [demonic ancestry]
   411 | D:1      | Reached XP level 2. HP: 21/21 MP: 3/3
  1239 | D:2      | Gained mutation: You have a pair of horns on your head.
                  | [demonic ancestry]
  1239 | D:2      | Reached XP level 3. HP: 25/27 MP: 4/4
  1400 | D:1      | Learned a level 2 spell: Momentum Strike
  1469 | D:2      | Noticed Robin
  1485 | D:2      | Reached skill level 1 in Armour
  1485 | D:2      | Robin changed into Robin the kobold
  1485 | D:2      | Noticed Robin
  1494 | D:2      | Killed Robin the kobold
  1519 | D:2      | Gained mutation: You sometimes gain a little power by
                  | taking damage. [demonic ancestry]
  1519 | D:2      | Reached XP level 4. HP: 17/33 MP: 6/6
  1520 | D:2      | Reached skill level 3 in Conjurations
  2955 | D:3      | Noticed Ijyb
  2959 | D:3      | Ijyb changed into Ijyb the kobold
  2959 | D:3      | Noticed Ijyb
  2961 | D:3      | Killed Ijyb the kobold
  3180 | D:4      | Reached skill level 1 in Throwing
  3239 | D:4      | Gained mutation: You are partially covered in icy blue
                  | scales. (AC +2) [demonic ancestry]
  3239 | D:4      | Reached XP level 5. HP: 38/38 MP: 8/8
  3316 | D:4      | Reached skill level 4 in Conjurations
  3435 | D:4      | Noticed an ogre
  3444 | D:4      | Killed an ogre
  3636 | D:4      | Reached skill level 5 in Conjurations
  3636 | D:4      | Reached XP level 6. HP: 20/44 MP: 9/9
  3787 | D:4      | Found an opulent altar of Gozag.
  3794 | D:4      | Found a sacrificial altar of Ru.
  5365 | D:4      | Noticed Sigmund
  5372 | D:4      | Killed Sigmund
  5373 | D:4      | Reached skill level 6 in Conjurations
  5373 | D:4      | Reached XP level 7. HP: 51/51 MP: 5/10
  5570 | D:5      | Entered Level 5 of the Dungeon
  5588 | D:5      | Slain by a water moccasin

Illustrated notes

Levels and vault maps discovered:
D:1:      dpeg_arrival_central, layout_basic, kennysheep_pointless_box
D:2:      layout_rooms, uniq_robin
D:3:      kb_forest_paths, layout_loops_ring, uniq_ijyb
D:4:      minmay_goblin_kobold_castle, layout_basic,
          amethyst_overflow_temple_binary, uniq_sigmund
D:5:      layout_loops_ring, grunt_temple_overflow_lords_of_destruction,
          enter_ossuary_2, uniq_edmund

Skill      XL: |  1  2  3  4  5  6  7 |
---------------+----------------------+-----
Fighting       | 1 2 3 |  3.1
Stealth        | 2 |  2.0
Armour         | 1 |  1.0
Conjurations   | 3 5 6 |  6.2
Throwing       | 1 |  1.0
Spellcasting   | 2 |  2.0
Dodging        | |  1.7
Evocations     | |  4.0

Action                   |  1- 3 |  4- 6 |  7- 9 || total
-------------------------+-------+-------+-------++-------
Melee: Dagger            |    47 |       |       ||    47
       Short sword       |    89 |   249 |    15 ||   353
       Headbutt          |    11 |    41 |     5 ||    57
       Punch             |     2 |     2 |       ||     4
Throw: Stone             |    16 |    17 |       ||    33
       Dart              |       |     5 |       ||     5
 Cast: Momentum Strike   |       |    12 |       ||    12
Evoke: Wand              |     2 |     1 |       ||     3
  Use: Scroll            |     2 |    11 |       ||    13
       Potion            |       |     3 |     2 ||     5
 Stab: Sleeping          |     2 |    10 |       ||    12
Armor: Leather armour    |    33 |    46 |    12 ||    91
       Chain mail        |    23 |     4 |       ||    27
       Skin              |       |    12 |       ||    12
       Animal skin       |       |    18 |       ||    18
Dodge: Dodged            |    74 |   136 |    22 ||   232

Table legend: (Time is in decaauts)
 A = Elapsed time spent in this place.
 B = Non-inter-level travel time spent in this place.
 C = Inter-level travel time spent in this place.
 D = Time resting spent in this place.
 E = Time spent auto-exploring this place.
 F = Levels seen in this place.
 G = Mean time per level.
                   A        B        C        D        E       F      G
               +--------+--------+--------+--------+--------+-----+--------+
         Total |   5597 |   5215 |    382 |   1157 |   2536 |   5 | 1119.4 |
       Dungeon |   5597 |   5215 |    382 |   1157 |   2536 |   5 | 1119.4 |
               +--------+--------+--------+--------+--------+-----+--------+

Top non-repeatable levels by time:
     D:4: 2399 daAuts
     D:1: 1271 daAuts
     D:3: 1037 daAuts
     D:2: 871 daAuts
     D:5: 17 daAuts
